 Dungeon Crawl Stone Soup version 0.29-a0-885-gb26ba3297d (webtiles) character file.

Game seed: 6088327157027024367

40 raph the Digger (level 3, -2/20 HPs)
             Began as a Deep Elf Earth Elementalist on July 20, 2022.
             Slain by a hobgoblin (3 damage)
             ... led by Robin
             ... on level 2 of the Dungeon.
             The game lasted 00:01:13 (1274 turns).

raph the Digger (Deep Elf Earth Elementalist)       Turns: 1274, Time: 00:01:13

Health: -2/20      AC:  2    Str:  5    XL:     3   Next: 30%
Magic:  6/9        EV: 13    Int: 21    God:
Gold:   62         SH:  0    Dex: 15    Spells: 2/8 levels left

rFire   . . .      SeeInvis .   c - +0 dagger
rCold   . . .      Faith    .   (no shield)
rNeg    . . .      Spirit   .   a - +0 robe
rPois   .          Reflect  .   (no helmet)
rElec   .          Harm     .   (no cloak)
rCorr   .          Rampage  .   (no gloves)
Will    .....                   (no boots)
Stlth   ++........              (no amulet)
HPRegen 0.06/turn               (no ring)
MPRegen 0.11/turn               (no ring)

@: no status effects
A: no striking features
a: no special abilities


You were on level 2 of the Dungeon.
You visited 1 branch of the dungeon, and saw 2 of its levels.

You collected 62 gold pieces.

Inventory:

Hand Weapons
 c - a +0 dagger (weapon)
Armour
 a - a +0 robe (worn)
Scrolls
 d - a scroll of enchant armour {unknown}
 g - a scroll of summoning
 h - a scroll of poison {unknown}
Potions
 b - a potion of magic
 e - a potion of attraction {unknown}
 f - a potion of curing
 i - a potion of lignification {unknown}


   Skills:
 + Level 0.7 Fighting
 + Level 2.9 Dodging
 + Level 2.9 Stealth
 + Level 3.4 Spellcasting
 - Level 1.1 Transmutations
 * Level 3.9 Earth Magic


You had 2 spell levels left.
You knew the following spells:

 Your Spells              Type           Power      Damage    Failure   Level
a - Sandblast             Erth           40%        2d10      2%          1
b - Passwall              Tmut/Erth      11%        N/A       7%          2
c - Stone Arrow           Conj/Erth      22%        3d8       17%         3

Your spell library contained the following spells:

 Spells                   Type           Power      Damage    Failure   Level
 Inner Flame              Hex/Fire       3%         N/A       36%         3
 Petrify                  Tmut/Erth      14%        N/A       41%         4
 Cause Fear               Hex            1%         N/A       77%         4
 Discord                  Hex            1%         N/A       100%        8


Dungeon Overview and Level Annotations

Branches:
Dungeon (2/15)

Altars:

Annotations:
D:2 Robin


Message History

You add the spells Inner Flame, Cause Fear and Discord to your library.
You start resting.
Magic restored.
A hobgoblin comes into view.
Robin, 2 hobgoblins and 4 goblins come into view.
Found a scroll of identify.
Found a stone staircase leading down.
Robin shouts!
The goblin shouts!
You hear a shout!
A goblin comes into view. It is wielding a +0 dagger.
A goblin comes into view.
It is wielding a +0 club. 2 hobgoblins come into view.
The goblin shouts! x3; The hobgoblin shouts! x3
Robin roars a battlecry!
The goblins go into a battle-frenzy!
A rat comes into view.
Robin throws the goblin at you! The goblin hits you with a +0 dagger.
The goblin closely misses you.
Casting: Sandblast (safe; 2% risk of failure)
Confirm with . or Enter, or press ? or * to list all spells.
Aiming: Passwall (safe; 7% risk of failure)
Press: ? - help, Dir - move target A rock wall.
This rock feels extremely deep.
The goblin closely misses you.
Unknown command.
The goblin attacks as you move away! The goblin hits you with a +0 dagger.
The goblin attacks as you move away! The goblin closely misses you.
The goblin no longer looks unusually strong.
Casting: Passwall (safe; 7% risk of failure)
Confirm with . or Enter, or press ? or * to list all spells.
Aiming: Passwall (safe; 7% risk of failure)
Press: ? - help, Dir - move target A rock wall.
The goblin hits you with a +0 dagger.
* * * LOW HITPOINT WARNING * * *
The rat twitches its whiskers.
You begin to meditate on the wall.
You continue meditating on the rock. x2
The goblin hits you with a +0 dagger.
* * * LOW HITPOINT WARNING * * *
The hobgoblin hits you.
You die...

#..........# ###..........#
...#........## ...#........##
...†.........####################
...<.............................
.............######## #..g...
.............##### ###.#....
###.............@########...#..g.
##........###.ggg...gg..###...g
##......## ###..#.....## #....
........ ....†.r.............
####.# #####.#.....####.... #.
#............r.. #. #......###.
#..#..... . #.##.##.#.


You could see Robin, a hobgoblin (strong), 3 goblins and a rat.

Vanquished Creatures
  Natasha (D:2)
  2 endoplasms (D:1)
  A goblin (D:1)
  2 hobgoblins
  A quokka (D:1)
  3 ball pythons
  A bat (D:1)
  2 kobolds (D:1)
  2 rats (D:1)
15 creatures vanquished.

Notes
Turn   | Place    | Note
-------+----------+-------------------------------------------
     0 | D:1      | raph the Deep Elf Earth Elementalist began the quest for
                  | the Orb.
     0 | D:1      | Reached XP level 1. HP: 10/10 MP: 6/6
   402 | D:1      | Found a faded altar of an unknown god.
   667 | D:1      | Reached XP level 2. HP: 15/15 MP: 6/8
  1174 | D:2      | Noticed Natasha
  1177 | D:2      | Killed Natasha
  1178 | D:2      | Reached XP level 3. HP: 20/20 MP: 5/9
  1181 | D:2      | Learned a level 2 spell: Passwall
  1187 | D:1      | Learned a level 3 spell: Stone Arrow
  1256 | D:2      | Noticed Robin
  1274 | D:2      | HP: 1/20 [goblin/+0 dagger[Robin] (2)]
  1274 | D:2      | Slain by a hobgoblin

Illustrated notes

Levels and vault maps discovered:
D:1:      ncdulo_watergridlock, layout_loops_corners,
          chequers_ecumenical_altar_simple_redux
D:2:      layout_rooms, uniq_sigmund, uniq_robin, uniq_natasha

Action                   || total
-------------------------++-------
 Cast: Sandblast         ||    22
       Passwall          ||     2
  Use: Scroll            ||     2
Armor: Robe              ||     2
Dodge: Dodged            ||    10

Table legend: (Time is in decaauts)
 A = Elapsed time spent in this place.
 B = Non-inter-level travel time spent in this place.
 C = Inter-level travel time spent in this place.
 D = Time resting spent in this place.
 E = Time spent auto-exploring this place.
 F = Levels seen in this place.
 G = Mean time per level.
                   A        B        C        D        E       F      G
               +--------+--------+--------+--------+--------+-----+--------+
         Total |   1303 |   1293 |     10 |    114 |   1014 |   2 |  651.5 |
       Dungeon |   1303 |   1293 |     10 |    114 |   1014 |   2 |  651.5 |
               +--------+--------+--------+--------+--------+-----+--------+

Top non-repeatable levels by time:
     D:1: 1200 daAuts
     D:2: 102 daAuts
